 Dungeon Crawl Stone Soup version 0.28.0-43-g3370ac3207 (webtiles) character file.

Game seed: 12709504249071443597

2953 DearestLeader the Blocker (level 9, -4/74 HPs)
             Began as a Gnoll Fighter on Mar 23, 2022.
             Slain by a gnoll sergeant
             ... wielding a +0 spear
              (6 damage)
             ... on level 7 of the Dungeon.
             The game lasted 00:12:25 (9769 turns).

DearestLeader the Blocker (Gnoll Fighter)           Turns: 9769, Time: 00:12:26

Health: -4/74      AC:  8    Str: 21    XL:     9   Next: 81%
Magic:  15/15      EV: 12    Int:  7    God:
Gold:   214        SH:  6    Dex: 17    Spells: 17/17 levels left

rFire   . . .      SeeInvis .   j - +3 whip (elec)
rCold   + . .      Faith    .   c - +0 buckler
rNeg    . . .      Spirit   .   b - +0 scale mail
rPois   .          Reflect  .   (no helmet)
rElec   .          Harm     .   (no cloak)
rCorr   .          Rampage  .   (no gloves)
Will    .....                   (no boots)
Stlth   ++........              (no amulet)
HPRegen 0.22/turn               i - ring of protection from cold
MPRegen 0.14/turn               f - +6 ring of dexterity

@: no status effects
A: fangs 1, strong nose, distributed training
a: no special abilities


You were on level 7 of the Dungeon.
You visited 1 branch of the dungeon, and saw 7 of its levels.

You collected 339 gold pieces.
You spent 125 gold pieces at shops.

Inventory:

Hand Weapons
 a - a +0 war axe
 j - a +3 whip of electrocution (weapon)
 r - a +1 flail of protection
 u - a +2 hand axe of holy wrath
 F - a +2 glaive of protection
Missiles
 A - 28 sling bullets
 B - a throwing net (quivered)
Armour
 b - a +0 scale mail (worn)
 c - a +0 buckler (worn)
Jewellery
 f - a +6 ring of dexterity (right hand)
 i - a ring of protection from cold (left hand)
 p - an amulet of faith
 t - a ring of magical power
Scrolls
 g - 2 scrolls of blinking
 n - 2 scrolls of enchant armour {unknown}
 o - 2 scrolls of amnesia
 w - a scroll of enchant weapon
 y - 2 scrolls of fear {unknown}
 z - a scroll of holy word {unknown}
 C - a scroll of teleportation
 D - a scroll of noise {unknown}
Potions
 d - a potion of ambrosia {unknown}
 e - 2 potions of magic {unknown}
 h - a potion of flight {unknown}
 k - a potion of heal wounds
 l - 2 potions of curing
 m - 2 potions of lignification
 q - a potion of might
 s - 2 potions of haste {unknown}
 v - 2 potions of degeneration {unknown}
 x - a potion of resistance {unknown}
 E - a potion of mutation {unknown}


   Skills:
 + Level 8.1 Fighting
 + Level 4.6 Short Blades
 + Level 4.6 Long Blades
 + Level 6.5 Axes
 + Level 4.6 Maces & Flails
 + Level 4.6 Polearms
 + Level 4.6 Staves
 + Level 4.6 Slings
 + Level 4.6 Bows
 + Level 4.6 Crossbows
 + Level 4.6 Throwing
 + Level 8.1 Armour
 + Level 4.6 Dodging
 + Level 4.6 Stealth
 + Level 8.1 Shields
 + Level 4.6 Unarmed Combat
 + Level 4.6 Spellcasting
 + Level 3.8 Conjurations
 + Level 3.8 Hexes
 + Level 3.8 Summonings
 + Level 3.8 Necromancy
 + Level 3.8 Translocations
 + Level 3.8 Transmutations
 + Level 3.8 Fire Magic
 + Level 3.8 Ice Magic
 + Level 3.8 Air Magic
 + Level 3.8 Earth Magic
 + Level 3.8 Poison Magic
 + Level 5.0 Invocations
 + Level 4.6 Evocations


You had 17 spell levels left.
You didn't know any spells.
Your spell library was empty.

Dungeon Overview and Level Annotations

Branches:
Dungeon (7/15)
 Temple: D:4-7

Altars:
Fedhas
Wu Jian

Shops:
D:1 [[   D:4 *


Innate Abilities, Weirdness & Mutations

You have very sharp teeth.
Your uncanny sense of smell can sniff out nearby items.
Your experience applies equally to all skills.


Message History

The hobgoblin hits you but does no damage.
You barely miss the hobgoblin. You hit the hobgoblin.
The hobgoblin is severely wounded.
The gnoll sergeant closely misses you. The hobgoblin barely misses you.
You hit the hobgoblin.
You kill the hobgoblin!
The gnoll sergeant hits you from afar with a +0 spear.
You closely miss the orc priest. Your bite misses the orc priest.
You block the gnoll sergeant's attack. You block the orc priest's attack.
You hit the orc priest but do no damage.
You bite the orc priest, but do no damage.
The gnoll sergeant closely misses you.
The orc priest hits you but does no damage.
You hit the orc priest.
The orc priest is moderately wounded.
The gnoll sergeant hits you from afar with a +0 spear.
The gnoll misses you.
The orc priest invokes the aid of Beogh against you.
Beogh smites you!
You hit the orc priest but do no damage.
Lightning courses through the orc priest!
You kill the orc priest!
The gnoll sergeant hits you from afar with a +0 spear.
The gnoll barely misses you.
You hit the gnoll.
The gnoll is moderately wounded.
The gnoll hits you with a +0 flail. The gnoll sergeant closely misses you.
You hit the gnoll but do no damage. You bite the gnoll, but do no damage.
The gnoll is moderately wounded.
The gnoll sergeant hits you from afar with a +0 spear!
* * * LOW HITPOINT WARNING * * *
The gnoll hits you from afar with a +0 spear.
* * * LOW HITPOINT WARNING * * *
The gnoll hits you with a +0 flail!
* * * LOW HITPOINT WARNING * * *
The gnoll sergeant completely misses you.
You block the gnoll's attack.
The gnoll sergeant hits you from afar with a +0 spear.
You die... ########################## +...........(..'...#.....# +.............gg.).#.....# ####'(########g#.†.#PP♣..# #.....gg...#...#...# PP..

#....g.g..(#.g@#...# ♣..#
#..$....$.?#.>[#####♣PP..#
#...:....(?#.).#P♣♣♣P♣...#
############'''#PPPPP...#
♣..P ♣♣♣....♣PPP♣P...#
P..P ♣PP...).P♣P.....#
♣P♣P.....P.P....#
P.P..............##
..................#


You could see a gnoll sergeant and 3 gnolls.

Vanquished Creatures
  Prince Ribbit (D:6)
  Sigmund (D:5)
  3 yaks
  Menkaure (D:5)
  Edmund (D:4)
  2 water moccasins
  An orc warrior (D:7)
  A sky beast (D:5)
  An ice beast (D:6)
  2 black bears
  A necrophage (D:6)
  3 ogres
  A scorpion (D:6)
  A howler monkey (D:6)
  2 bullfrog zombies
  A hound (D:4)
  2 jellies
  A bullfrog skeleton (D:5)
  3 gnoll shamans
  5 orc priests
  3 iguanas (D:5)
  2 orc wizards
  A hound zombie (D:5)
  13 gnolls
  7 adders
  A shadow imp (D:5)
  A white imp (D:6)
  A worm (D:2)
  A dart slug (D:3)
  10 orcs
  8 ball pythons
  3 endoplasms (D:2)
  5 giant cockroaches
  2 goblins
  10 hobgoblins
  6 jackals (D:1)
  3 quokkas
  5 bats
  3 frilled lizards
  6 kobolds
  6 rats
131 creatures vanquished.

Notes
Turn   | Place    | Note
-------+----------+-------------------------------------------
     0 | D:1      | DearestLeader the Gnoll Fighter began the quest for the
                  | Orb.
     0 | D:1      | Reached XP level 1. HP: 23/23 MP: 1/1
   339 | D:1      | Reached XP level 2. HP: 29/29 MP: 2/2
   411 | D:1      | Found Ycsyog Jeda's Armour Boutique.
   481 | D:1      | Found Cip Atwon's Armour Shoppe.
   782 | D:1      | Reached XP level 3. HP: 35/35 MP: 3/3
   890 | D:1      | Found a faded altar of an unknown god.
  1034 | D:2      | Noticed a black bear
  1052 | D:2      | Killed a black bear
  1053 | D:2      | Reached skill level 1 in Short Blades
  1053 | D:2      | Reached skill level 1 in Long Blades
  1053 | D:2      | Reached skill level 1 in Maces & Flails
  1053 | D:2      | Reached skill level 1 in Polearms
  1053 | D:2      | Reached skill level 1 in Staves
  1053 | D:2      | Reached skill level 1 in Slings
  1053 | D:2      | Reached skill level 1 in Bows
  1053 | D:2      | Reached skill level 1 in Crossbows
  1053 | D:2      | Reached skill level 1 in Throwing
  1053 | D:2      | Reached skill level 1 in Dodging
  1053 | D:2      | Reached skill level 1 in Stealth
  1053 | D:2      | Reached skill level 1 in Unarmed Combat
  1053 | D:2      | Reached skill level 1 in Spellcasting
  1053 | D:2      | Reached skill level 1 in Conjurations
  1053 | D:2      | Reached skill level 1 in Hexes
  1053 | D:2      | Reached skill level 1 in Summonings
  1053 | D:2      | Reached skill level 1 in Necromancy
  1053 | D:2      | Reached skill level 1 in Translocations
  1053 | D:2      | Reached skill level 1 in Transmutations
  1053 | D:2      | Reached skill level 1 in Fire Magic
  1053 | D:2      | Reached skill level 1 in Ice Magic
  1053 | D:2      | Reached skill level 1 in Air Magic
  1053 | D:2      | Reached skill level 1 in Earth Magic
  1053 | D:2      | Reached skill level 1 in Poison Magic
  1053 | D:2      | Reached skill level 1 in Invocations
  1053 | D:2      | Reached skill level 1 in Evocations
  1053 | D:2      | Reached XP level 4. HP: 18/41 MP: 3/5
  1053 | D:2      | Reached XP level 5. HP: 21/47 MP: 3/6
  1293 | D:2      | Found a blossoming altar of Fedhas.
  1676 | D:3      | Found an ornate altar of the Wu Jian Council.
  2595 | D:4      | Noticed Edmund
  2618 | D:4      | Killed Edmund
  2619 | D:4      | Reached skill level 5 in Axes
  2619 | D:4      | Reached XP level 6. HP: 12/53 MP: 7/9
  2998 | D:4      | Found Kudegir's General Store.
  3030 | D:4      | Bought a potion of heal wounds for 50 gold pieces
  3030 | D:4      | Bought a scroll of blinking for 75 gold pieces
  3416 | D:4      | Noticed a black bear
  3427 | D:4      | Killed a black bear
  3428 | D:4      | Reached XP level 7. HP: 30/59 MP: 10/10
  3714 | D:5      | Entered Level 5 of the Dungeon
  4900 | D:5      | Reached XP level 8. HP: 42/67 MP: 12/12
  5807 | D:5      | Noticed Sigmund
  5819 | D:5      | Killed Sigmund
  6594 | D:6      | Noticed Prince Ribbit
  6613 | D:6      | Noticed Menkaure
  6627 | D:5      | HP: 1/67 [Menkaure (13)]
  6628 | D:5      | Killed Menkaure
  7344 | D:6      | Reached XP level 9. HP: 29/73 MP: 14/14
  8126 | D:6      | Killed Prince Ribbit
  9331 | D:7      | Reached skill level 5 in Invocations
  9768 | D:7      | HP: 1/74 [gnoll/+0 flail (9)]
  9769 | D:7      | Slain by a gnoll sergeant

Illustrated notes

Levels and vault maps discovered:
D:1:      eino_arrival_water_cross, layout_loops_ring,
          shapermc_ecumenical_altar_hornbeckon, serial_shops,
          nicolae_shop_statue_plus, nicolae_shop_crystal
D:2:      layout_rooms, basic_altar
D:3:      layout_loops_ring, old_standard_altar, wad_orctagon
D:4:      layout_loops_ring, serial_shops, shop, roderic_lattice_a, uniq_edmund
D:5:      layout_basic, minmay_misc_feat_ornament, minmay_misc_feat_roman,
          uniq_sigmund
D:6:      layout_layer_cave, uniq_menkaure, uniq_prince_ribbit1
D:7:      kennysheep_housing_project, layout_cave_pools,
          minmay_temple_entry_tees, serial_shops, nicolae_shop_trees

Skill      XL: |  1  2  3  4  5  6  7  8  9 |
---------------+----------------------------+-----
Short Blades   | 1 2 3 4 |  4.6
Long Blades    | 1 2 3 4 |  4.6
Maces & Flails | 1 2 3 4 |  4.6
Polearms       | 1 2 3 4 |  4.6
Staves         | 1 2 3 4 |  4.6
Slings         | 1 2 3 4 |  4.6
Bows           | 1 2 3 4 |  4.6
Crossbows      | 1 2 3 4 |  4.6
Throwing       | 1 2 3 4 |  4.6
Dodging        | 1 2 3 4 |  4.6
Stealth        | 1 2 3 4 |  4.6
Unarmed Combat | 1 2 3 4 |  4.6
Spellcasting   | 1 2 3 4 |  4.6
Conjurations   | 1 2 3 |  3.8
Hexes          | 1 2 3 |  3.8
Summonings     | 1 2 3 |  3.8
Necromancy     | 1 2 3 |  3.8
Translocations | 1 2 3 |  3.8
Transmutations | 1 2 3 |  3.8
Fire Magic     | 1 2 3 |  3.8
Ice Magic      | 1 2 3 |  3.8
Air Magic      | 1 2 3 |  3.8
Earth Magic    | 1 2 3 |  3.8
Poison Magic   | 1 2 3 |  3.8
Invocations    | 1 2 3 4 5 |  5.0
Evocations     | 1 2 3 4 |  4.6
Axes           | 5 6 |  6.5
Fighting       | 7 8 |  8.1
Armour         | 7 8 |  8.1
Shields        | 7 8 |  8.1

Action                   |  1- 3 |  4- 6 |  7- 9 || total
-------------------------+-------+-------+-------++-------
Melee: War axe           |    49 |       |       ||    49
       Bite              |     6 |    13 |    51 ||    70
       Whip              |    40 |   118 |   341 ||   499
Evoke: Wand              |       |       |     4 ||     4
  Use: Potion            |     1 |     2 |     3 ||     6
       Scroll            |       |     4 |     2 ||     6
Armor: Scale mail        |    43 |    34 |    75 ||   152
Dodge: Dodged            |    46 |    55 |   133 ||   234
Block: Buckler           |    36 |    38 |    87 ||   161
